 Dungeon Crawl Stone Soup version 0.30-a0-377-g5cb311bc9f (webtiles) character file.

Game seed: 13676451084811901974

142 lunkers the Insei (level 5, 0/40 HPs)
             Began as a Meteoran Transmuter on Nov 30, 2022.
             Slain by an orc priest
             ... wielding a +0 mace
              (8 damage)
             ... on level 3 of the Dungeon.
             The game lasted 00:02:36 (901 turns).

lunkers the Insei (Meteoran Transmuter)              Turns: 901, Time: 00:02:37

Health: 0/40       AC:  2    Str: 11    XL:     5   Next: 79%
Magic:  4/10       EV: 20    Int: 16    God:
Gold:   96         SH:  0    Dex: 20    Spells: 3/9 levels left

rFire   . . .      SeeInvis .      - Unarmed
rCold   . . .      Faith    .    (shield currently unavailable)
rNeg    . . .      Spirit   .    (body armour currently unavailable)
rPois   x          Reflect  .    (helmet currently unavailable)
rElec   .          Harm     .    (cloak currently unavailable)
rCorr   .          Rampage  .    (gloves currently unavailable)
Will    .....                    (boots currently unavailable)
Stlth   +.........               (no amulet)
HPRegen 0.26/turn                (no ring)
MPRegen 0.12/turn                (no ring)

@: spider-form, very slightly contaminated, glowing
A: venomous fangs, tiny, sense surroundings 1, otherworldly, glowing, explore
regen
a: End Transformation


You were on level 3 of the Dungeon.
You were a venomous arachnid creature.
You visited 1 branch of the dungeon, and saw 3 of its levels.

You collected 96 gold pieces.

Inventory:

Armour
 a - a +0 robe (melded)
Scrolls
 c - 2 scrolls of identify {unknown}
 d - a scroll of immolation {unknown}
 e - a scroll of magic mapping {unknown}
 f - 3 scrolls of blinking {unknown}
 g - 2 scrolls of torment {unknown}
 h - 2 scrolls of enchant weapon {unknown}
 i - a scroll of noise {unknown}
Potions
 b - a potion of lignification
 j - a potion of curing {unknown}
 k - a potion of heal wounds {unknown}


   Skills:
 - Level 1.1 Fighting
 - Level 2.4 Dodging
 + Level 7.0 Unarmed Combat
 - Level 2.6 Spellcasting
 - Level 2.4 Transmutations


You had 3 spell levels left.
You knew the following spells:

 Your Spells              Type           Power      Damage    Failure   Level
b - Wereblood             Tmut           9%         N/A       26%         2
c - Spider Form           Tmut/Pois      6%         N/A       56%         3
p - Beastly Appendage     Tmut           18%        N/A       19%         1

Your spell library contained the following spells:

 Spells                   Type           Power      Damage    Failure   Level
 Ice Form                 Ice/Tmut       6%         N/A       89%         4


Dungeon Overview and Level Annotations

Branches:
Dungeon (3/15) Zot: 910

Altars:
Gozag

Shops:
D:1 :   D:3 *


Innate Abilities, Weirdness & Mutations

You are a venomous arachnid creature.
You have poisonous fangs.
You are tiny and dextrous.
Your spellcasting is less reliable in this form.
Your armour is entirely melded.
You are incapable of wielding weapons or throwing items.
You passively map a small area around you.
You are easily found by Zot.
You glow in the dark.
You regain HP and MP as you explore.


Message History

You barely miss the kobold.
The kobold is heavily wounded.
You barely miss the kobold.
The kobold is heavily wounded.
The kobold completely misses you.
You completely miss the kobold.
The kobold is severely wounded.
The kobold barely misses you.
You bite the kobold!
You kill the kobold!
Your transformation has ended.
Your +0 robe unmelds from your body.
The orc priest looks braver for a moment.
Your Unarmed Combat skill increases to level 7!
You punch the endoplasm!
You kill the endoplasm!
You hit the orc priest but do no damage.
The orc priest misses you.
You hit the orc priest but do no damage.
The orc priest invokes the aid of Beogh against you.
Pain shoots through your body!
* * * LOW HITPOINT WARNING * * *
Casting: Spider Form (quite dangerous; 34% risk of failure)
Confirm with . or Enter, or press ? or * to list all spells.
The spell is quite dangerous to miscast (34% risk of failure)!
Continue anyway?
You miscast Spider Form.
You are very lightly contaminated with residual magic.
Nothing appears to happen.
The orc priest invokes the aid of Beogh against you.
Beogh smites you!
* * * LOW HITPOINT WARNING * * *
Casting: Spider Form (quite dangerous; 34% risk of failure)
Confirm with . or Enter, or press ? or * to list all spells.
The spell is quite dangerous to miscast (34% risk of failure)!
Continue anyway?
You turn into a venomous arachnid creature.
Your +0 robe melds into your body.
The orc priest hits you with a +0 mace.
* * * LOW HITPOINT WARNING * * *
You hit the orc priest but do no damage.
The orc priest is poisoned.
The orc priest hits you with a +0 mace!
You die...

.......##...#..........#
,
......###...#.......####
.#.#...........##...# ,
...#########...##...# *
...# #.........##...# *
, ...# #.........##...#
. ,
...###.......########...
.......##...######....##
.......##.......so.)....
............######....##
............#### ##...
...............# . ,
##########.....#
........##.....#####
........##.........### *
,
......................,
......................


You could see an orc priest (very poisoned).

Vanquished Creatures
  A scorpion (D:3)
  2 adders
  2 worms (D:2)
  3 dart slugs
  7 orcs (D:3)
  5 ball pythons
  3 bats
  3 endoplasms
  2 giant cockroaches
  A goblin (D:1)
  2 hobgoblins
  6 kobolds
  2 frilled lizards (D:2)
  2 rats
41 creatures vanquished.

Notes
Turn   | Place    | Note
-------+----------+-------------------------------------------
     0 | D:1      | lunkers the Meteoran Transmuter began the quest for the
                  | Orb.
     0 | D:1      | Reached XP level 1. HP: 16/16 MP: 5/5
    21 | D:1      | Found Luhikues's Book Boutique.
    99 | D:1      | Reached skill level 4 in Unarmed Combat
    99 | D:1      | Reached XP level 2. HP: 20/23 MP: 6/6
   315 | D:2      | Reached XP level 3. HP: 8/28 MP: 5/8
   322 | D:2      | Learned a level 2 spell: Wereblood
   326 | D:2      | Learned a level 3 spell: Spider Form
   368 | D:2      | Reached skill level 5 in Unarmed Combat
   616 | D:3      | Reached XP level 4. HP: 35/35 MP: 4/9
   650 | D:3      | Noticed a scorpion
   653 | D:3      | Killed a scorpion
   654 | D:3      | Reached skill level 6 in Unarmed Combat
   654 | D:3      | Reached XP level 5. HP: 36/40 MP: 3/10
   849 | D:3      | Found Gozag's Platinum Reserve.
   856 | D:3      | Found an opulent altar of Gozag.
   896 | D:3      | Reached skill level 7 in Unarmed Combat
   901 | D:3      | Slain by an orc priest

Illustrated notes

Levels and vault maps discovered:
D:1:      saegor_arrival_simple_b, layout_loops_corners, serial_shops,
          nicolae_shop_waterfront
D:2:      layout_loops_corners, basic_altar
D:3:      minmay_general_purpose_star, layout_basic,
          nicolae_gozag_zags_fifth_avenue, amcnicky_altar_gilded,
          dreamdust_ecumenical_altar_statues

Skill      XL: |  1  2  3  4  5 |
---------------+----------------+-----
Unarmed Combat | 4 5 6 7 |  7.0
Fighting       | |  1.1
Dodging        | |  2.4
Spellcasting   | |  2.6
Transmutations | |  2.4

Action                   |  1- 3 |  4- 6 || total
-------------------------+-------+-------++-------
Melee: Unarmed           |    61 |    62 ||   123
       Punch             |     3 |     1 ||     4
       Headbutt          |     3 |       ||     3
       Kick              |     2 |       ||     2
 Cast: Beastly Appendage |     5 |       ||     5
       Spider Form       |     2 |     5 ||     7
Armor: Robe              |     8 |    12 ||    20
Dodge: Dodged            |    32 |    33 ||    65

Table legend: (Time is in decaauts)
 A = Elapsed time spent in this place.
 B = Non-inter-level travel time spent in this place.
 C = Inter-level travel time spent in this place.
 D = Time resting spent in this place.
 E = Time spent auto-exploring this place.
 F = Levels seen in this place.
 G = Mean time per level.
                   A        B        C        D        E       F      G
               +--------+--------+--------+--------+--------+-----+--------+
         Total |    888 |    880 |      8 |      0 |    623 |   3 |  296.0 |
       Dungeon |    888 |    880 |      8 |      0 |    623 |   3 |  296.0 |
               +--------+--------+--------+--------+--------+-----+--------+

Top non-repeatable levels by time:
     D:2: 310 daAuts
     D:3: 289 daAuts
     D:1: 288 daAuts
